[Event "ICC tourney 2545 (5 3)"]
[Site "Internet Chess Club"]
[Date "2021.04.11"]
[Round "1"]
[White "arjun-venkat"]
[Black "Jeffchess"]
[Result "1-0"]
[ICCResult "Black checkmated"]
[WhiteElo "1197"]
[BlackElo "1428"]
[Opening "French defense"]
[ECO "C00"]
[NIC "FR.01"]
[Time "14:04:40"]
[TimeControl "300+3"]

1. e4 e6 2. Nf3 a6 3. Nc3 Bb4 4. Bc4 Bxc3 5. dxc3 Ne7 6. Qd4 O-O 7. O-O Nbc6
8. Qd1 b5 9. Bb3 Bb7 10. Re1 Ng6 11. Qe2 Kh8 12. Be3 Nh4 13. Rad1 f5 14.
exf5 exf5 15. Nxh4 Qxh4 16. Rxd7 Rac8 17. Bc5 Rfd8 18. Rxd8+ Qxd8 19. Bf7 g6
20. Bd4+ Nxd4 21. Qe5+ Qf6 22. Qxf6# {Black checkmated} 1-0

[Event "ICC tourney 2545 (5 3)"]
[Site "Internet Chess Club"]
[Date "2021.04.11"]
[Round "1"]
[White "CKGhosh"]
[Black "supergirl06"]
[Result "1-0"]
[ICCResult "Black checkmated"]
[WhiteElo "1808"]
[BlackElo "1404"]
[Opening "Sicilian defense"]
[ECO "B41"]
[NIC "FR.01"]
[Time "14:05:42"]
[TimeControl "300+3"]

1. e4 e6 2. Nf3 c5 3. d4 Nc6 4. d5 Nd4 5. Nxd4 cxd4 6. Qxd4 Qb6 7. Qxb6 axb6
8. Nc3 Bb4 9. Bd2 Nf6 10. dxe6 dxe6 11. Bd3 O-O 12. a3 Bc5 13. O-O Rd8 14.
Rad1 Bd7 15. e5 Nd5 16. Nxd5 exd5 17. Kh1 Bc6 18. f4 b5 19. h3 b6 20. Rde1
Bd7 21. f5 Bd4 22. c3 Bc5 23. e6 fxe6 24. fxe6 Re8 25. exd7 Rxe1 26. Rxe1
Kf7 27. Bxh7 g6 28. Bxg6+ Kxg6 29. Re8 Ra7 30. d8=Q Rf7 31. Qg5+ Kh7 32.
Qh6# {Black checkmated} 1-0

[Event "ICC tourney 2545 (5 3)"]
[Site "Internet Chess Club"]
[Date "2021.04.11"]
[Round "1"]
[White "Havanah"]
[Black "dwmt"]
[Result "1-0"]
[ICCResult "Black resigns"]
[WhiteElo "1431"]
[BlackElo "1040"]
[Opening "Owen defense"]
[ECO "B00"]
[NIC "VO.01"]
[Time "14:06:42"]
[TimeControl "300+3"]

1. e4 b6 2. d4 Bb7 3. f4 d5 4. e5 e6 5. Bd3 Nc6 6. c3 g6 7. Nf3 Bg7 8. O-O
Nge7 9. Na3 a6 10. Nc2 h6 11. Ne3 Qd7 12. b4 O-O-O 13. a4 Nb8 14. Ba3 h5 15.
Ng5 Qe8 16. Qe2 f6 17. Nxe6 fxe5 18. fxe5 Nf5 19. Bxf5 gxf5 20. Nxg7 Qg6 21.
Nexf5 Nd7 22. Ne7+ {Black resigns} 1-0

[Event "ICC tourney 2545 (5 3)"]
[Site "Internet Chess Club"]
[Date "2021.04.11"]
[Round "1"]
[White "DiamondDog"]
[Black "AbhinavSinha19"]
[Result "0-1"]
[ICCResult "White resigns"]
[WhiteElo "977"]
[BlackElo "1393"]
[Opening "Ruy Lopez: classical (Cordel) defense"]
[ECO "C64"]
[NIC "RL.01"]
[Time "14:05:55"]
[TimeControl "300+3"]

1. e4 e5 2. Nf3 Nc6 3. Bb5 Bc5 4. O-O d6 5. d4 exd4 6. Nxd4 Bd7 7. Nxc6 bxc6
8. Bc4 Nf6 9. Nc3 O-O 10. Bg5 h6 11. Bh4 Qe7 12. Qd2 Qe5 13. Bg3 Qe8 14.
Rae1 Be6 15. Bb3 Bxb3 16. axb3 Qe6 17. e5 Nh5 18. exd6 Qg6 19. dxc7 Nxg3 20.
hxg3 Qxg3 21. Ne4 Qe5 22. Nxc5 Qxc5 23. Re7 Qxe7 {White resigns} 0-1

[Event "ICC tourney 2545 (5 3)"]
[Site "Internet Chess Club"]
[Date "2021.04.11"]
[Round "1"]
[White "PhaseShift"]
[Black "weakfish"]
[Result "1-0"]
[ICCResult "Black resigns"]
[WhiteElo "1653"]
[BlackElo "1340"]
[Opening "Queen's pawn game"]
[ECO "D02"]
[NIC "QP.08"]
[Time "14:04:33"]
[TimeControl "300+3"]

1. d4 d5 2. Nf3 c6 3. g3 Nf6 4. Bg2 Bf5 5. c4 e6 6. Nc3 Nbd7 7. Qb3 Qb6 8.
c5 Qxb3 9. axb3 Be7 10. b4 O-O 11. h3 h6 12. g4 Bh7 13. Bf4 Ne4 14. Nd2 Nxd2
15. Kxd2 Nf6 16. b5 Ne4+ 17. Nxe4 Bxe4 18. Bxe4 dxe4 19. bxc6 bxc6 20. Ra6
Rfc8 21. Rha1 Bg5 22. Bxg5 hxg5 23. Rxa7 Rab8 24. Kc2 Rb4 25. e3 f5 26. gxf5
exf5 27. R1a4 Rb5 28. b4 f4 29. Kc3 fxe3 30. fxe3 Rf8 31. Re7 Rf3 32. Rxe4
Rxh3 33. Ra7 Rb8 34. Ree7 Rh7 35. Rac7 g4 36. Rxc6 g3 37. Rg6 Ra8 38. Rxg3
Ra3+ 39. Kc4 Ra1 40. d5 Rc1+ 41. Kb5 Rb1 42. d6 Rh4 43. e4 {Black resigns}
1-0

[Event "ICC tourney 2545 (5 3)"]
[Site "Internet Chess Club"]
[Date "2021.04.11"]
[Round "1"]
[White "joshwang2000"]
[Black "aga"]
[Result "0-1"]
[ICCResult "White resigns"]
[WhiteElo "1475"]
[BlackElo "2021"]
[Opening "Sicilian: Najdorf, Opocensky variation"]
[ECO "B92"]
[NIC "SI.10"]
[Time "14:05:42"]
[TimeControl "300+3"]

1. e4 c5 2. Nf3 d6 3. d4 cxd4 4. Nxd4 Nf6 5. Nc3 a6 6. Be2 e5 7. Nf5 Bxf5 8.
exf5 Be7 9. O-O Qd7 10. Nd5 Nxd5 11. Qxd5 Nc6 12. Bd3 O-O 13. Be4 Rab8 14.
c3 Na7 15. c4 Rfd8 16. Be3 Nc6 17. Bb6 Rdc8 18. a4 Bf6 19. Rfd1 Nd4 20. Bxd4
exd4 21. b3 Rc5 22. Qxc5 dxc5 23. Rac1 Qd6 24. Rd3 Qf4 25. Rcd1 Qxe4
{White resigns}
0-1

[Event "ICC tourney 2545 (5 3)"]
[Site "Internet Chess Club"]
[Date "2021.04.11"]
[Round "1"]
[White "mill0"]
[Black "Sameir-Ramez"]
[Result "0-1"]
[ICCResult "White resigns"]
[WhiteElo "1451"]
[BlackElo "1949"]
[Opening "French defense"]
[ECO "C00"]
[NIC "FR.01"]
[Time "14:05:42"]
[TimeControl "300+3"]

1. e4 e6 2. Nf3 d5 3. d3 dxe4 4. dxe4 Qxd1+ 5. Kxd1 Nf6 6. Nc3 Bb4 7. Bd2
Bxc3 8. Bxc3 Nxe4 9. Bd4 Nc6 10. Ke1 Nxd4 11. Nxd4 e5 12. f3 Nd6 13. Rd1
exd4 14. Rxd4 {White resigns} 0-1

[Event "ICC tourney 2545 (5 3)"]
[Site "Internet Chess Club"]
[Date "2021.04.11"]
[Round "1"]
[White "byumitchell"]
[Black "iamGodskid"]
[Result "1-0"]
[ICCResult "Black checkmated"]
[WhiteElo "1168"]
[BlackElo "1417"]
[Opening "Robatsch (modern) defense"]
[ECO "B07"]
[NIC "VO.17"]
[Time "14:05:57"]
[TimeControl "300+3"]

1. e4 d6 2. d4 g6 3. Nc3 Bg7 4. Be3 Nf6 5. f3 Nc6 6. Qd2 e5 7. d5 Nd4 8.
Nge2 c5 9. O-O-O O-O 10. Bh6 b5 11. Bxg7 Kxg7 12. h4 b4 13. Nb1 b3 14. cxb3
Ba6 15. h5 Nxh5 16. Rxh5 gxh5 17. g4 hxg4 18. fxg4 Rc8 19. Ng3 c4 20. Nf5+
Kh8 21. Bxc4 Bxc4 22. bxc4 Rxc4+ 23. Nc3 Qa5 24. Rh1 Qxa2 25. Rxh7+ Kxh7 26.
Qh6+ Kg8 27. Qg7# {Black checkmated} 1-0

[Event "ICC tourney 2545 (5 3)"]
[Site "Internet Chess Club"]
[Date "2021.04.11"]
[Round "1"]
[White "RENEZKCIN"]
[Black "ulff"]
[Result "0-1"]
[ICCResult "White resigns"]
[WhiteElo "1415"]
[BlackElo "1842"]
[Opening "Sicilian"]
[ECO "B50"]
[NIC "SI.01"]
[Time "14:04:58"]
[TimeControl "300+3"]

1. e4 c5 2. Nf3 d6 3. Nc3 Nf6 4. Bb5+ Nbd7 5. d4 cxd4 6. Bxd7+ Bxd7 7. Nb5
Bxb5 8. c3 dxc3 9. bxc3 Qc7 10. Bf4 e5 11. Be3 Be7 12. Ng5 Bc4 13. Qa4+ Qc6
14. Qxc6+ bxc6 15. Rb1 Ba6 16. f4 h6 17. Nf3 Ng4 18. f5 Nxe3 19. Kf2 Nc4 20.
Rhd1 O-O 21. g4 Rab8 22. Rxb8 Rxb8 23. h4 Rb2+ 24. Nd2 Rxd2+ 25. Rxd2 Nxd2
26. Ke1 Nf3+ 27. Kf2 Nxh4 28. f6 Bxf6 {White resigns} 0-1

[Event "ICC tourney 2545 (5 3)"]
[Site "Internet Chess Club"]
[Date "2021.04.11"]
[Round "1"]
[White "volver"]
[Black "ickyquarter"]
[Result "0-1"]
[ICCResult "White resigns"]
[WhiteElo "1364"]
[BlackElo "1669"]
[Opening "Colle system"]
[ECO "D05"]
[NIC "QP.08"]
[Time "14:04:31"]
[TimeControl "300+3"]

1. d4 d5 2. Nf3 e6 3. e3 Nf6 4. Bd3 c5 5. c3 Nc6 6. Nbd2 cxd4 7. exd4 Bd6 8.
O-O O-O 9. Re1 h6 10. Nf1 a6 11. a3 b5 12. Qe2 Bb7 13. Ng3 Na5 14. Bd2 Rc8
15. Ne5 Nc4 16. Rab1 Qc7 17. f4 a5 18. Nh5 Nxh5 19. Qxh5 Nxd2 20. Rbd1 Ne4
21. Qf3 b4 22. c4 bxa3 23. bxa3 Bxe5 24. fxe5 Ng5 25. Qe2 a4 26. c5 Qa5 27.
Rb1 Bc6 28. Rb4 Ne4 29. Bxe4 dxe4 30. Reb1 Rfd8 31. Qe3 Qa6 32. Kf2 Bd5 33.
h3 Bc6 34. Qc3 Qa8 35. Ke3 Rb8 36. Qb2 Rxb4 37. axb4 a3 38. Qc3 Qa6 39. Ra1
a2 40. Qb2 Ra8 41. g4 Qd3+ 42. Kf2 e3+ 43. Ke1 Bb5 44. Qg2 Qc3+ {White
resigns} 0-1

[Event "ICC tourney 2545 (5 3)"]
[Site "Internet Chess Club"]
[Date "2021.04.11"]
[Round "1"]
[White "Tudorache"]
[Black "Kroger"]
[Result "0-1"]
[ICCResult "White resigns"]
[WhiteElo "1720"]
[BlackElo "1581"]
[Opening "Réti opening"]
[ECO "A04"]
[NIC "KI.77"]
[Time "14:06:02"]
[TimeControl "300+3"]

1. Nf3 c5 2. e3 g6 3. c4 Bg7 4. d4 Nf6 5. Nc3 O-O 6. b3 d6 7. g3 Bg4 8. Bg2
Nc6 9. h3 Bxf3 10. Bxf3 Rc8 11. d5 Ne5 12. Bg2 a6 13. Bb2 Qa5 14. O-O b5 15.
f4 Ned7 16. cxb5 axb5 17. e4 b4 18. Na4 Nb6 19. Nxb6 Qxb6 20. Kh2 Ra8 21. e5
Ne8 22. Qc2 Ra5 23. exd6 exd6 24. Bxg7 Nxg7 25. Rfe1 Qa7 26. Re2 Nf5 27. Qe4
Nd4 28. Rf2 Nxb3 29. Re1 Rxa2 30. Ree2 Rxe2 31. Rxe2 Nd4 32. Re1 b3 33. g4
f5 34. Qd3 fxg4 35. hxg4 Rxf4 36. Re8+ Kg7 37. Qe3 Rf7 38. Rd8 Qc7 39. Qe8
Kh6 40. Rb8 Qe7 41. Qxe7 Rxe7 42. Kh3 Re3+ 43. Kh2 Re2 44. Kg3 b2 45. Bf3
Re3 46. Kh4 Nxf3+ {White resigns} 0-1

[Event "ICC tourney 2545 (5 3)"]
[Site "Internet Chess Club"]
[Date "2021.04.11"]
[Round "1"]
[White "Kimster98"]
[Black "pawnsacrifice5"]
[Result "1-0"]
[ICCResult "Black checkmated"]
[WhiteElo "1734"]
[BlackElo "1995"]
[Opening "Réti: King's Indian attack (Barcza system)"]
[ECO "A07"]
[NIC "QP.09"]
[Time "14:05:08"]
[TimeControl "300+3"]

1. Nf3 d5 2. g3 Nf6 3. Bg2 c6 4. O-O g6 5. b3 Bg7 6. Bb2 O-O 7. c4 a5 8. d3
Bf5 9. Nbd2 Re8 10. Qc2 Na6 11. a3 Qb6 12. Bd4 c5 13. Be5 d4 14. e4 dxe3 15.
fxe3 Rad8 16. e4 Be6 17. Qc3 Nh5 18. Bxg7 Nxg7 19. Rfd1 Bg4 20. Nf1 Ne6 21.
Rab1 Nd4 22. Nxd4 cxd4 23. Qd2 Bxd1 24. Qxd1 Qd6 25. Qc1 e5 26. Nd2 Kg7 27.
Qb2 Nc5 28. Qc2 b6 29. b4 Ne6 30. c5 bxc5 31. Nc4 Qc7 32. b5 Rb8 33. Qa4 Qe7
34. Qxa5 Qg5 35. Qd2 Qxd2 36. Nxd2 c4 37. Nxc4 Nc5 38. Bf1 Na4 39. Rb4 Nb6
40. a4 Nd7 41. a5 Re6 42. Bh3 Re7 43. Bxd7 Rxd7 44. Nxe5 Ra7 45. Nc6 Rab7
46. Nxb8 Rxb8 47. b6 Kf6 48. a6 Ke6 49. a7 Ra8 50. b7 Rxa7 51. b8=Q Ra1+ 52.
Kg2 Ra2+ 53. Kh3 Kf6 54. Qh8+ Ke6 55. Rb6+ Kd7 56. Qxd4+ Ke7 57. Qf6+ Kd7
58. Qxf7+ Kc8 59. Qe8+ Kc7 60. Qc6+ Kd8 61. Rb8+ Ke7 62. Rb7+ Kf8 63. Qc8#
{Black checkmated}
1-0

[Event "ICC tourney 2545 (5 3)"]
[Site "Internet Chess Club"]
[Date "2021.04.11"]
[Round "1"]
[White "Grieve72"]
[Black "Farai23"]
[Result "1-0"]
[ICCResult "Black checkmated"]
[WhiteElo "2240"]
[BlackElo "1548"]
[Opening "Sicilian: dragon, Yugoslav attack, Rauser variation"]
[ECO "B76"]
[NIC "SI.17"]
[Time "14:05:00"]
[TimeControl "300+3"]

1. e4 c5 2. Nf3 d6 3. d4 cxd4 4. Nxd4 Nf6 5. Nc3 g6 6. Be3 Bg7 7. f3 O-O 8.
Qd2 Nc6 9. O-O-O Bd7 10. h4 h5 11. Kb1 Re8 12. Be2 Rc8 13. g4 hxg4 14. h5
Nxh5 15. fxg4 Ng3 16. Rh3 Nxe2 17. Qxe2 Ne5 18. Rh4 Rxc3 19. bxc3 Qc7 20.
Bd2 a5 21. Rdh1 a4 22. Qh2 f6 23. Rh7 g5 24. Rxg7+ Kxg7 25. Qh7+ Kf8 26.
Qh8+ Kf7 27. Rh7+ Kg6 28. Qg7# {Black checkmated} 1-0

[Event "ICC tourney 2545 (5 3)"]
[Site "Internet Chess Club"]
[Date "2021.04.11"]
[Round "1"]
[White "PeterOsgood"]
[Black "objetpetit-zam"]
[Result "1-0"]
[ICCResult "Black resigns"]
[WhiteElo "1899"]
[BlackElo "1434"]
[Opening "English: Caro-Kann defensive system"]
[ECO "A11"]
[NIC "EO.64"]
[Time "14:04:56"]
[TimeControl "300+3"]

1. c4 c6 2. g3 g6 3. Bg2 Bg7 4. Nc3 e6 5. e4 Ne7 6. Nge2 O-O 7. d4 f5 8. O-O
Qc7 9. d5 fxe4 10. d6 Qb6 11. dxe7 Re8 12. b3 Rxe7 13. Be3 Qd8 14. Nxe4 Bxa1
15. Qxa1 Rf7 16. Bg5 Qa5 17. Bd2 Qd8 18. Nd6 Rf8 19. Bh6 Qe7 20. Bxf8 Qxf8
21. c5 b5 22. Ne4 Ba6 23. Nf6+ Kf7 24. Nxh7 Qg7 25. Ng5+ Ke7 26. Qxg7+
{Black resigns}
1-0

[Event "ICC tourney 2545 (5 3)"]
[Site "Internet Chess Club"]
[Date "2021.04.11"]
[Round "1"]
[White "cap78red"]
[Black "SunKing007"]
[Result "1-0"]
[ICCResult "Black checkmated"]
[WhiteElo "1421"]
[BlackElo "1677"]
[Opening "English opening"]
[ECO "A10"]
[NIC "EO.64"]
[Time "14:05:38"]
[TimeControl "300+3"]

1. c4 g6 2. Nc3 Bg7 3. e4 d6 4. d3 Nf6 5. f4 O-O 6. Nf3 Nbd7 7. Be2 e5 8.
O-O c5 9. f5 Nb6 10. Bg5 h6 11. Bxf6 Bxf6 12. Nd5 Nxd5 13. cxd5 gxf5 14.
exf5 Bxf5 15. Nxe5 Bxe5 16. Rxf5 f6 17. Bf3 Rf7 18. Be4 Rg7 19. g3 Qb6 20.
b3 Bxa1 21. Qxa1 Rf8 22. Rxf6 Rxf6 23. Qxf6 c4+ 24. d4 Qc7 25. bxc4 Qe7 26.
Qe6+ Qxe6 27. dxe6 Kf8 28. d5 Rg4 29. Bd3 Rd4 30. Be2 Rd2 31. Kf1 Rxa2 32.
c5 dxc5 33. d6 Rd2 34. e7+ Ke8 35. Bh5+ Kd7 36. e8=Q+ Kxd6 37. Qd8+ Kc6 38.
Qxd2 b5 39. Be8+ Kb6 40. Qxh6+ Ka5 41. Qg5 Kb4 42. h4 c4 43. Qxb5+ Kc3 44.
Bf7 Kd2 45. Qxc4 a5 46. Qb5 a4 47. Qxa4 Kc1 48. h5 Kb2 49. Qb3+ Kc1 50. h6
Kd2 51. h7 Kc1 52. Qa2 Kd1 53. Bg6 Kc1 54. Qc2# {Black checkmated} 1-0

[Event "ICC tourney 2545 (5 3)"]
[Site "Internet Chess Club"]
[Date "2021.04.11"]
[Round "1"]
[White "esrosenberg"]
[Black "ren"]
[Result "1-0"]
[ICCResult "Black checkmated"]
[WhiteElo "1842"]
[BlackElo "1415"]
[Opening "Réti accepted"]
[ECO "A09"]
[NIC "RE.19"]
[Time "14:04:55"]
[TimeControl "300+3"]

1. Nf3 d5 2. c4 dxc4 3. e3 e6 4. Bxc4 Bd6 5. Nc3 Ne7 6. a3 O-O 7. b4 a6 8.
Bb2 b5 9. Bb3 Bb7 10. Qc2 Nd7 11. Ne4 Nb6 12. Neg5 g6 13. Nxe6 fxe6 14.
Bxe6+ Rf7 15. Qc3 Kf8 16. Qh8+ Ng8 17. Bxf7 Kxf7 18. Qg7+ Ke6 19. Nd4+ Kd5
20. Qf7+ Ke5 21. Qe6# {Black checkmated} 1-0

[Event "ICC tourney 2545 (5 3)"]
[Site "Internet Chess Club"]
[Date "2021.04.11"]
[Round "1"]
[White "drskodeh"]
[Black "tigerr"]
[Result "0-1"]
[ICCResult "White resigns"]
[WhiteElo "1597"]
[BlackElo "2387"]
[Opening "Alekhine's defense: Scandinavian variation"]
[ECO "B02"]
[NIC "AL.10"]
[Time "14:05:42"]
[TimeControl "300+3"]

1. e4 Nf6 2. Nc3 d5 3. exd5 Nxd5 4. Nf3 c5 5. Bc4 Nb6 6. Bb5+ Bd7 7. O-O Nc6
8. d3 e6 9. Ne4 Be7 10. Be3 Nd4 11. Bxd7+ Qxd7 12. Bxd4 cxd4 13. Ned2 O-O
14. Nb3 Bf6 15. Qe2 Rac8 16. Rad1 Qd5 17. Rfe1 Rc7 18. Rd2 Rfc8 19. Rc1 a5
20. Qe4 Qxe4 21. dxe4 Nc4 22. Rd3 Nxb2 23. Rd2 e5 24. Nxa5 Be7 25. Nb3 Bb4
26. Re2 d3 27. Re3 Rxc2 28. Rxc2 dxc2 29. Nc1 Rd8 30. Ne1 Rd1 31. Kf1 Rxc1
32. Ke2 Rxe1+ 33. Kf3 c1=Q {White resigns} 0-1

[Event "ICC tourney 2545 (5 3)"]
[Site "Internet Chess Club"]
[Date "2021.04.11"]
[Round "1"]
[White "Arystanner23"]
[Black "B-Amin"]
[Result "0-1"]
[ICCResult "White resigns"]
[WhiteElo "1729"]
[BlackElo "2783"]
[Opening "Ruy Lopez: Morphy defense, Duras variation"]
[ECO "C77"]
[NIC "RL.12"]
[Time "14:05:18"]
[TimeControl "300+3"]

1. e4 e5 2. Nf3 Nc6 3. Bb5 a6 4. Ba4 Nf6 5. d3 d6 6. c4 g6 7. Nc3 Bg7 8. Bg5
h6 9. Bh4 O-O 10. Nd5 g5 11. Bg3 Nxd5 12. cxd5 Ne7 13. h4 g4 14. Nd2 f5 15.
h5 Bf6 16. Qe2 f4 17. Bh4 Nxd5 18. Bb3 Bxh4 19. Bxd5+ Kh8 20. O-O-O Bg5 21.
Kb1 c6 22. Bb3 b5 23. f3 g3 24. d4 exd4 25. e5 Bf5+ 26. Bc2 Qe7 27. Bxf5
Rxf5 28. Qd3 Rxe5 29. Qxd4 c5 30. Qc3 Bf6 31. Qc2 Re2 32. Qg6 Bg7 33. Rhg1
Qe5 34. Qc2 c4 35. Qc1 d5 36. Rge1 Re8 37. Rxe2 Qxe2 38. Qc2 Qxg2 39. Qg6
Qe2 40. Rc1 Re6 41. Qf5 Qxd2 {White resigns} 0-1

[Event "ICC tourney 2545 (5 3)"]
[Site "Internet Chess Club"]
[Date "2021.04.11"]
[Round "1"]
[White "aronsp"]
[Black "robbonz"]
[Result "1-0"]
[ICCResult "Black resigns"]
[WhiteElo "1295"]
[BlackElo "682"]
[Opening "Queen's pawn: Charlick (Englund) gambit"]
[ECO "A40"]
[NIC "QO.17"]
[Time "14:05:45"]
[TimeControl "300+3"]

1. d4 e5 2. dxe5 Nc6 3. Nf3 f6 4. exf6 Nxf6 5. g3 d5 6. Bg2 Bg4 7. O-O Bc5
8. b3 O-O 9. Bb2 d4 10. a3 Ne4 11. Nbd2 Nxd2 12. Qxd2 Re8 13. Rfe1 d3 14.
cxd3 Bxf3 15. Bxf3 Ne5 16. Bxe5 Rxe5 17. b4 Bb6 18. Rac1 c6 19. Qf4 Qe8 20.
e3 g5 21. Qc4+ Qf7 22. Qxf7+ Kxf7 23. d4 Rf5 24. Kg2 Bc7 25. Rf1 h6 26. Rc5
Rxc5 27. dxc5 b6 28. Bxc6 bxc5 29. Bxa8 cxb4 30. axb4 Bd6 31. b5 g4 32. Ra1
h5 33. Rxa7+ {Black resigns} 1-0

[Event "ICC tourney 2545 (5 3)"]
[Site "Internet Chess Club"]
[Date "2021.04.11"]
[Round "1"]
[White "organic"]
[Black "RealFuno09"]
[Result "0-1"]
[ICCResult "White resigns"]
[WhiteElo "1827"]
[BlackElo "1652"]
[Opening "Kevitz-Trajkovich defense"]
[ECO "A50"]
[NIC "QP.07"]
[Time "14:05:02"]
[TimeControl "300+3"]

1. d4 Nf6 2. c4 Nc6 3. Nf3 d6 4. d5 Ne5 5. Nc3 Nxf3+ 6. exf3 g6 7. Bd3 Bg7
8. Be3 O-O 9. Qd2 c6 10. O-O-O cxd5 11. cxd5 Bd7 12. Kb1 b5 13. Bh6 b4 14.
Ne4 Qa5 15. Nxf6+ exf6 16. Bc2 Rfc8 17. h4 Rxc2 18. Kxc2 Bf5+ 19. Kb3 Bxh6
20. Qxh6 Rc8 21. Qd2 Bc2+ 22. Qxc2 Rxc2 23. Kxc2 Qxa2 24. Rd4 Qa4+ 25. Kb1
Qa5 26. Rd3 Qb5 27. Rhd1 a5 28. b3 a4 29. Ka2 a3 30. Rd4 Qc5 31. R1d2 Qc1
32. Re2 Qc5 33. Red2 Kg7 34. Rc4 Qb6 35. Rdd4 Qa6 36. Rd2 Qb5 37. Rdd4 f5
38. f4 Kh6 39. f3 Kh5 40. g3 h6 41. Kb1 Qa6 42. Ka2 Qb5 43. Kb1 Qe8 44. Rd2
Qe1+ 45. Kc2 a2 {White resigns} 0-1

[Event "ICC tourney 2545 (5 3)"]
[Site "Internet Chess Club"]
[Date "2021.04.11"]
[Round "1"]
[White "Chesscrow"]
[Black "Moncu"]
[Result "1-0"]
[ICCResult "Black checkmated"]
[WhiteElo "1858"]
[BlackElo "2512"]
[Opening "Sicilian defense"]
[ECO "B44"]
[NIC "SI.39"]
[Time "14:05:22"]
[TimeControl "300+3"]

1. e4 c5 2. Nf3 e6 3. d4 cxd4 4. Nxd4 Nc6 5. Nxc6 bxc6 6. Nc3 Nf6 7. b3 d5
8. e5 Nd7 9. Bf4 Bb4 10. Bd2 Qa5 11. Nb1 Nxe5 12. c3 Bd6 13. Be2 O-O 14. O-O
Qc7 15. h3 a5 16. Be3 Re8 17. Qc2 Ng6 18. Nd2 Bb7 19. Nf3 e5 20. Rad1 Rad8
21. Bg5 f6 22. Bc1 c5 23. Bb5 Rf8 24. Qf5 Bc8 25. Qh5 Be6 26. Nh4 Nxh4 27.
Qxh4 e4 28. c4 Rb8 29. cxd5 Bf7 30. Bc4 f5 31. Qg5 g6 32. Bb2 Be8 33. Qd2 a4
34. Qc3 Bd7 35. Qg7# {Black checkmated} 1-0

[Event "ICC tourney 2545 (5 3)"]
[Site "Internet Chess Club"]
[Date "2021.04.11"]
[Round "1"]
[White "Ecalevolkk"]
[Black "MrsPiggy"]
[Result "1-0"]
[ICCResult "Black checkmated"]
[WhiteElo "1656"]
[BlackElo "1348"]
[Opening "King's gambit"]
[ECO "C30"]
[NIC "KG.05"]
[Time "14:05:04"]
[TimeControl "300+3"]

1. e4 e5 2. f4 d6 3. Bc4 Nf6 4. d3 Be7 5. Nf3 Nc6 6. h3 Na5 7. Bb3 Nxb3 8.
axb3 b6 9. fxe5 dxe5 10. Nxe5 O-O 11. Be3 Bb7 12. O-O c5 13. Nc3 Bd6 14. Nf3
Qc7 15. Kh1 Bg3 16. Bg5 Qc6 17. Bxf6 Qxf6 18. Qe2 Qg6 19. Nd5 Bd6 20. Qd2 h6
21. c4 Qh5 22. Rae1 Bc8 23. e5 Bb8 24. Qf4 Bxh3 25. gxh3 Qxh3+ 26. Qh2 Qf5
27. Re3 Kh8 28. Rfe1 Qg4 29. Qg2 Qh5+ 30. Kg1 Qf5 31. Re4 Re8 32. Rg4 g6 33.
e6 Rxe6 34. Rxe6 Qxe6 35. Re4 Qf6 36. Qh3 Kg7 37. Kg2 Qxb2+ 38. Kg1 Qc1+ 39.
Kf2 Qc2+ 40. Re2 Qxd3 41. Qd7 Bf4 42. Qe7 Rf8 43. Qf6+ Kh7 44. Qxf4 Qxb3 45.
Re7 Kg7 46. Qf6+ Kg8 47. Qf4 Kg7 48. Qe5+ Kg8 49. Nf6+ Kg7 50. Nh5+ Kh7 51.
Qg7# {Black checkmated} 1-0

[Event "ICC tourney 2545 (5 3)"]
[Site "Internet Chess Club"]
[Date "2021.04.11"]
[Round "1"]
[White "babakay"]
[Black "FL2009"]
[Result "0-1"]
[ICCResult "White resigns"]
[WhiteElo "1343"]
[BlackElo "1652"]
[Opening "Ruy Lopez: Berlin defense, open variation"]
[ECO "C67"]
[NIC "RL.07"]
[Time "14:05:42"]
[TimeControl "300+3"]

1. e4 e5 2. Nf3 Nc6 3. Bb5 Nf6 4. O-O Nxe4 5. Re1 Nd6 6. Bxc6 dxc6 7. Nxe5
Be7 8. d4 O-O 9. c3 Bf6 10. Ng4 Bxg4 11. Qxg4 Re8 12. Be3 Nc4 13. b3 Nxe3
14. fxe3 Re7 15. e4 Re6 16. Nd2 g6 17. e5 Bg7 18. Qf3 h6 19. Rf1 Qe8 20. Nc4
b6 21. Rae1 Rd8 22. a4 Re7 23. Nd2 c5 24. Re4 Red7 25. Qd3 Qe6 26. Nc4 cxd4
27. Rxd4 Rxd4 28. cxd4 c5 29. Nd6 Rd7 30. Qe4 cxd4 31. Qa8+ Kh7 32. Qf3 Qxe5
33. Nxf7 Qe3+ 34. Qxe3 dxe3 35. h4 e2 36. Re1 Rd1 37. Kf2 Bf6 38. Kxe2 Rd7
39. Ng5+ hxg5 40. hxg5 Re7+ 41. Kf1 Rxe1+ 42. Kxe1 Bxg5 43. Ke2 Kg7 44. Kf3
Be7 45. Ke4 a5 46. Kd5 Bc5 47. g4 Kf6 48. Ke4 Kg5 49. Kf3 Bd6 {White
resigns} 0-1

[Event "ICC tourney 2545 (5 3)"]
[Site "Internet Chess Club"]
[Date "2021.04.11"]
[Round "1"]
[White "bumper10"]
[Black "hannabanana"]
[Result "1-0"]
[ICCResult "Black forfeits on time"]
[WhiteElo "2167"]
[BlackElo "1523"]
[Opening "Giuoco Piano"]
[ECO "C54"]
[NIC "IG.02"]
[Time "14:04:32"]
[TimeControl "300+3"]

1. e4 e5 2. Nf3 Nc6 3. Bc4 Bc5 4. c3 Nf6 5. d3 h6 6. O-O O-O 7. Bb3 d6 8.
Re1 Bg4 9. Nbd2 Qd7 10. Nf1 Bh5 11. Ng3 Rfe8 12. h3 Bxf3 13. Qxf3 a5 14.
Bxh6 gxh6 15. Qxf6 Re6 16. Bxe6 fxe6 17. Qg6+ Kh8 18. Qxh6+ Kg8 19. Nh5 Qf7
20. Nf6+ Qxf6 21. Qxf6 Rf8 22. Qg6+ Kh8 23. Re3 Bxe3 24. fxe3 Ne7 25. Qh6+
Kg8 26. Qxe6+ Rf7 27. Rf1 {Black forfeits on time} 1-0

[Event "ICC tourney 2545 (5 3)"]
[Site "Internet Chess Club"]
[Date "2021.04.11"]
[Round "1"]
[White "sandeep3345"]
[Black "kartheek24"]
[Result "0-1"]
[ICCResult "White resigns"]
[WhiteElo "1411"]
[BlackElo "1830"]
[Opening "French defense"]
[ECO "C00"]
[NIC "FR.01"]
[Time "14:04:55"]
[TimeControl "300+3"]

1. e4 e6 2. Nf3 d5 3. exd5 exd5 4. d4 Nc6 5. Bd3 Bc5 6. Be3 Bd6 7. O-O Nge7
8. h3 h6 9. Nc3 O-O 10. Qd2 f5 11. Bxh6 gxh6 12. Qxh6 Qe8 13. Ng5 Qg6 14.
Qh4 Kg7 15. f4 Nxd4 16. Rae1 Bc5 17. Kh1 Bd7 18. Ne2 Nxe2 19. Bxe2 Rh8 20.
Qg3 Rae8 21. Qc3+ Qf6 22. Qxc5 c6 23. Bd3 b6 24. Qa3 Nc8 25. Rxe8 Rxe8 26.
Rf3 Qd6 27. Qxd6 Nxd6 28. Rg3 Kh6 29. Nf3 Ne4 30. Bxe4 fxe4 31. Ne5 Bf5 32.
Ra3 d4 33. Rxa7 e3 34. Nd3 Bxd3 35. cxd3 e2 36. Rd7 e1=Q+ 37. Kh2 Qf2 38.
Rd6+ Kg7 39. Rxc6 Re2 40. Rc7+ Kf6 41. Rc6+ Kf5 {White resigns} 0-1

[Event "ICC tourney 2545 (5 3)"]
[Site "Internet Chess Club"]
[Date "2021.04.11"]
[Round "1"]
[White "racerbil"]
[Black "ulfbert"]
[Result "0-1"]
[ICCResult "White checkmated"]
[WhiteElo "1424"]
[BlackElo "1869"]
[Opening "French defense"]
[ECO "C00"]
[NIC "FR.01"]
[Time "14:04:29"]
[TimeControl "300+3"]

1. e4 e6 2. Nf3 d5 3. exd5 exd5 4. d4 Bd6 5. Nc3 c6 6. Be2 Ne7 7. Be3 Bf5 8.
O-O Nd7 9. h3 Qc7 10. Qd2 h6 11. Rad1 g5 12. g4 Bg6 13. Rfe1 O-O 14. Bd3
Rae8 15. Kf1 b5 16. a3 a5 17. b3 Bxa3 18. Ke2 Bb4 19. Ra1 Nc8 20. h4 Nd6 21.
hxg5 Ne4 22. Bxe4 Bxe4 23. gxh6 Nf6 24. g5 Bxf3+ 25. Kxf3 Ne4 26. Qd3 Bxc3
27. Rh1 Bxa1 28. h7+ Kh8 29. Bf4 Qd7 30. Qf1 Bxd4 31. Qd1 Bxf2 32. Qa1+ d4
33. c3 c5 34. cxd4 Bxd4 35. Qf1 Qf5 36. Qg2 Nc3 37. Qh2 Re3+ 38. Kg2 Re2+
39. Kg3 Rxh2 40. Rxh2 Ne4+ 41. Kf3 Nxg5+ 42. Kg3 Nxh7 43. Bh6 Rg8+ 44. Kh4
Qg4# {White checkmated} 0-1